 Dungeon Crawl Stone Soup version 0.14.0-12-g87ee3b7 (webtiles) character file.

124 RogerD the Sneak (level 3, 0/35 HPs)
             Began as a Troll Assassin on Apr 16, 2014.
             Slain by Crazy Yiuf
             ... wielding a +2,+3 quarterstaff of chaos
              (2 damage)
             ... on Level 2 of the Dungeon on Apr 17, 2014.
             The game lasted 00:16:36 (1060 turns).

RogerD the Sneak (Troll Assassin)                   Turns: 1060, Time: 00:16:36

HP   0/35        AC  6     Str 19      XL: 3   Next: 64%
MP   0/2         EV 10     Int  7      God:
Gold 71          SH  0     Dex 12      Spells:  0 memorised,  2 levels left

rFire  . . .     SeeInvis .     a - +2 club
rCold  . . .     Clarity  .     c - +0 robe
rNeg   . . .     Conserve .     (shield restricted)
rPois  .         rCorr    .     (helmet restricted)
rElec  .         rRot     .     d - +0 cloak
SustAb . .       Spirit   .     (gloves unavailable)
rMut   .         Warding  .     (boots unavailable)
Gourm  +         Stasis   .     (no amulet)
MR     .....                    (no ring)
                                (no ring)

@: lethally poisoned, not resistant to hostile enchantments, fairly stealthy
A: unfitting armour, claws 3, fast metabolism 3, gourmand, regeneration 2,
saprovore 2, shaggy fur 1, tough skin 2
a: no special abilities


You were on level 2 of the Dungeon.
You were full.

You visited 1 branch of the dungeon, and saw 2 of its levels.

You collected 71 gold pieces.

Inventory:

Hand weapons
 a - a +2,+2 club (weapon)
 b - a +0 blowgun
Missiles
 e - 8 poisoned needles
 f - 2 curare-tipped needles
Armour
 c - a +0 robe (worn)
 d - a +0 cloak (worn)
Comestibles
 g - 2 meat rations
 m - an apricot
 q - a rotting chunk of giant gecko flesh
 r - a bread ration
 s - a chunk of bat flesh
Scrolls
 h - a scroll of immolation {unknown}
 i - a scroll of recharging {unknown}
 l - a scroll of teleportation {unknown}
 n - a scroll of identify {unknown}
 p - a scroll of amnesia {unknown}
 t - a scroll of blinking {unknown}
Potions
 j - a potion of heal wounds {unknown}
 k - a potion of agility {unknown}
 o - a potion of curing {unknown}


   Skills:
 + Level 1.7 Fighting
 + Level 2.0 Maces & Flails
 + Level 2.0 Throwing
 + Level 1.8 Dodging
 + Level 2.8 Stealth


You had 2 spell levels left.
You didn't know any spells.

Dungeon Overview and Level Annotations

Branches:
Dungeon (2/15)

Altars:

Annotations:
D:2 Crazy Yiuf


Innate Abilities, Weirdness & Mutations

You are too large for most types of armour.
You have claws for hands.
Your metabolism is lightning-fast.
You like to eat raw meat.
You heal very quickly.
You can eat rotten meat.
You are covered in fur (AC +1).
You have very tough skin (AC +2).


Message History

You are poisoned.
You thump Crazy Yiuf!
Crazy Yiuf is almost dead.
You feel sick.
Crazy Yiuf says, "Crazy?
Crazy!?
PORCUPINE!"
Crazy Yiuf hits you with a quarterstaff of chaos.
You completely miss Crazy Yiuf.
Crazy Yiuf is almost dead.
You feel sick. Crazy Yiuf barely misses you.
You barely miss Crazy Yiuf.
Crazy Yiuf is almost dead.
Crazy Yiuf drinks a potion.
Crazy Yiuf is healed!
Crazy Yiuf hits you with a quarterstaff of chaos!
* * * LOW HITPOINT WARNING * * *
Drink which item? (? for menu, Esc to quit)
Okay, then.
You barely miss Crazy Yiuf.
You feel sick. Crazy Yiuf barely misses you.
You hit Crazy Yiuf but do no damage.
Crazy Yiuf hits you with a quarterstaff of chaos.
You die...

### #). #.. ..
##.##♣ ♣♣g♣♣♣ ...
♣♣@♣♣♣ ... ♣♣.♣♣♣
... ♣♣♣♣.♣♣ ...
♣♣♣♣.♣♣♣ #.#
♣♣♣...♣♣ #.#
♣♣....♣♣ #.#
##....#######.####
#....###........#
#...###......%..#


You could see Crazy Yiuf.

Vanquished Creatures
  An adder (D:2)
  A giant gecko (D:1)
  A ball python (D:1)
  6 bats
  3 giant cockroaches
  7 goblins
  3 hobgoblins (D:1)
  6 jackals (D:1)
  3 kobolds
  A quokka (D:2)
  2 giant newts (D:1)
  3 rats (D:1)
37 creatures vanquished.

Notes
Turn   | Place    | Note
--------------------------------------------------------------
     0 | D:1      | RogerD, the Troll Assassin, began the quest for the Orb.
     0 | D:1      | Reached XP level 1. HP: 19/19 MP: 1/1
   124 | D:1      | Reached XP level 2. HP: 27/27 MP: 1/1
   228 | D:1      | Reached skill level 1 in Dodging
   571 | D:1      | Reached XP level 3. HP: 33/35 MP: 2/2
   807 | D:1      | Noticed a jelly
  1048 | D:2      | Noticed Crazy Yiuf
  1060 | D:2      | Slain by Crazy Yiuf

Action                   || total
-------------------------++-------
Melee: Club              ||   187
